PAA
ITHACA FIGHTING IMPS @ MERCER ISLAND SCREAMING EAGLES
08/31/2042
 
TOP OF THE 1ST
Ithaca Fighting Imps batting - Pitching for Mercer Island Screaming Eagles : LHP Phil Day
Pitching: LHP Phil Day
Batting: RHB Daryl Pethick 0-0: Fly out, F5 (Line Drive, 5, EV 70.6 MPH)
Batting: RHB Pepe Savinon 0-0: Ground out 5-3 (Groundball, 56, EV 77.5 MPH)
Batting: LHB Tokaji Mizuno 0-0: Ball
1-0: Called Strike
1-1: Swinging Strike
1-2: Reached on error, E1 (Groundball, 34S, EV 88.1 MPH)
Batting: RHB Aloysius Szymanski 0-0: Ground out 4-3 (Groundball, 4, EV 85.0 MPH)
Top of the 1st over - 0 runs, 0 hits, 1 error, 1 left on base; Ithaca 0 - Mercer Island 0
BOTTOM OF THE 1ST
Mercer Island Screaming Eagles batting - Pitching for Ithaca Fighting Imps : LHP Luis Matos
Pitching: LHP Luis Matos
Batting: RHB Asbel Kiprop 0-0: Called Strike
0-1: Foul Ball, location: 2F
0-2: Ball
1-2: Foul Ball, location: 2F
1-2: Foul Ball, location: 2F
1-2: Foul Ball, location: 2F
1-2: Ball
2-2: Fly out, F9 (Flyball, 9LS, EV 92.5 MPH)
Batting: RHB Matsuo Ino 0-0: Called Strike
0-1: Ground out 6-3 (Groundball, 6, EV 81.2 MPH)
Pitching: RHP Don Murray
Batting: RHB Miles Breeuwer 0-0: Swinging Strike
0-1: Ball
1-1: Swinging Strike
1-2: Foul Ball, location: 2F
1-2: DOUBLE (Line Drive, 78M, EV 113.8 MPH)
Batting: RHB Dima Tabakaev 0-0: Foul Ball, location: 2F
0-1: Ball
1-1: Ball
2-1: Ball
3-1: Base on Balls
Batting: RHB Thiago Yepes 0-0: Ball
1-0: Fielders Choice at 2nd, 5-4 (Groundball, 56, EV 106.9 MPH)
Bottom of the 1st over - 0 runs, 1 hit, 0 errors, 2 left on base; Ithaca 0 - Mercer Island 0
TOP OF THE 2ND
Ithaca Fighting Imps batting - Pitching for Mercer Island Screaming Eagles : LHP Phil Day
Batting: RHB Carlos Valle 0-0: Fly out, F9 (Flyball, 89S, EV 80.0 MPH)
Batting: RHB Everett Garland 0-0: Called Strike
0-1: Foul Ball, location: 2F
0-2: Ball
1-2: Fly out, F7 (Flyball, 78S, EV 92.5 MPH)
Batting: RHB Pedro Costa 0-0: Foul Ball, location: 2F
0-1: Ball
1-1: Foul Ball, location: 2F
1-2: Fly out, F8 (Flyball, 8RM, EV 94.4 MPH)
Top of the 2nd over - 0 runs, 0 hits, 0 errors, 0 left on base; Ithaca 0 - Mercer Island 0
BOTTOM OF THE 2ND
Mercer Island Screaming Eagles batting - Pitching for Ithaca Fighting Imps : RHP Don Murray
Batting: RHB Carlos Rivera 0-0: Called Strike
0-1: Ball
1-1: Ball
2-1: Ball
3-1: Called Strike
3-2: Strikes out swinging
Batting: LHB Brian Drake 0-0: Ball
1-0: Ball
2-0: Called Strike
2-1: Foul Ball, location: 2F
2-2: Fly out, F9 (Line Drive, 9, EV 91.2 MPH)
Batting: RHB Hugues Bellot 0-0: Ball
1-0: Ball
2-0: Ball
3-0: Base on Balls
Batting: RHB Marcos Villanueva 0-0: Ball
1-0: Ball
2-0: Ball
3-0: Called Strike
3-1: Foul Ball, location: 2F
3-2: Strikes out looking
Bottom of the 2nd over - 0 runs, 0 hits, 0 errors, 1 left on base; Ithaca 0 - Mercer Island 0
TOP OF THE 3RD
Ithaca Fighting Imps batting - Pitching for Mercer Island Screaming Eagles : LHP Phil Day
Batting: SHB Paul Wood 0-0: Ball
1-0: Swinging Strike
1-1: Ball
2-1: SINGLE (Groundball, 4MD, EV 99.4 MPH)
Batting: RHB J.J. Holmes 0-0: Ball
1-0: Called Strike
Paul Wood steals 2nd base
1-1: Ball
2-1: Foul Ball, location: 2F
2-2: Ball
3-2: Strikes out swinging
Batting: RHB Daryl Pethick 0-0: Called Strike
0-1: Swinging Strike
0-2: Strikes out swinging
Batting: RHB Pepe Savinon 0-0: Ball
1-0: Called Strike
1-1: Foul Ball, location: 2F
1-2: Ball
2-2: Ground out 6-3 (Groundball, 6S, EV 68.1 MPH)
Top of the 3rd over - 0 runs, 1 hit, 0 errors, 1 left on base; Ithaca 0 - Mercer Island 0
BOTTOM OF THE 3RD
Mercer Island Screaming Eagles batting - Pitching for Ithaca Fighting Imps : RHP Don Murray
Batting: RHB Asbel Kiprop 0-0: Ball
1-0: Ball
2-0: Ball
3-0: Base on Balls
Batting: RHB Matsuo Ino 0-0: Ball
Asbel Kiprop steals 2nd base (no throw)
1-0: Called Strike
1-1: Ball
Asbel Kiprop steals 3rd base
2-1: Ball
3-1: SINGLE (Line Drive, 6D, EV 100.0 MPH)
Asbel Kiprop scores
Batting: RHB Miles Breeuwer 0-0: Foul Ball, location: 2F
0-1: SINGLE (Groundball, 6MD, EV 105.0 MPH)
Matsuo Ino to second
Batting: RHB Dima Tabakaev 0-0: Called Strike
0-1: Ball
1-1: Ball
2-1: Swinging Strike
2-2: Fielders Choice at 2nd, 5-4 (Groundball, 56S, EV 89.4 MPH)
Matsuo Ino to third
Pitching: RHP Moriz Gaidamakin
Batting: RHB Thiago Yepes 0-0: Ball
1-0: Ball
2-0: Foul Ball, location: 2F
2-1: Foul Ball, location: 2F
2-2: Fly out, F8 (Flyball, 8LM, EV 83.8 MPH)
Runner from 3rd tags up, SCORES, throw by CF
Batting: RHB Carlos Rivera 0-0: Called Strike
Dima Tabakaev is caught stealing 2nd base 2-4
Bottom of the 3rd over - 2 runs, 2 hits, 0 errors, 0 left on base; Ithaca 0 - Mercer Island 2
TOP OF THE 4TH
Ithaca Fighting Imps batting - Pitching for Mercer Island Screaming Eagles : LHP Phil Day
Batting: LHB Tokaji Mizuno 0-0: Foul Ball, location: 2F
0-1: Called Strike
0-2: Foul Ball, location: 2F
0-2: Foul Ball, location: 2F
0-2: Ball
1-2: Strikes out swinging
Batting: RHB Aloysius Szymanski 0-0: Ball
1-0: Ball
2-0: Ball
3-0: Called Strike
3-1: Foul Ball, location: 2F
3-2: Strikes out swinging
Batting: RHB Carlos Valle 0-0: Ball
1-0: Foul Ball, location: 2F
1-1: Swinging Strike
1-2: Strikes out swinging
Top of the 4th over - 0 runs, 0 hits, 0 errors, 0 left on base; Ithaca 0 - Mercer Island 2
BOTTOM OF THE 4TH
Mercer Island Screaming Eagles batting - Pitching for Ithaca Fighting Imps : RHP Moriz Gaidamakin
Batting: RHB Carlos Rivera 0-0: Called Strike
0-1: Ball
1-1: Foul Ball, location: 2F
1-2: Strikes out swinging
Batting: LHB Brian Drake 0-0: Called Strike
0-1: Called Strike
0-2: Ball
1-2: Ball
2-2: Ball
3-2: Base on Balls
Batting: RHB Hugues Bellot 0-0: Ball
Brian Drake is caught stealing 2nd base 2-4
1-0: Called Strike
1-1: Ball
2-1: Ball
3-1: Called Strike
3-2: Foul Ball, location: 2F
3-2: Foul Ball, location: 2F
3-2: Foul Ball, location: 2F
3-2: Foul Ball, location: 2F
3-2: Foul Ball, location: 2F
3-2: DOUBLE (Line Drive, 89D, EV 105.6 MPH)
Pinch Runner at 2nd Steve Lodge:
Batting: RHB Marcos Villanueva 0-0: TRIPLE (Flyball, 9D, EV 103.1 MPH)
Steve Lodge scores
Batting: RHB Asbel Kiprop 0-0: Called Strike
0-1: Called Strike
0-2: Ball
1-2: Strikes out swinging
Bottom of the 4th over - 1 run, 2 hits, 0 errors, 1 left on base; Ithaca 0 - Mercer Island 3
TOP OF THE 5TH
Ithaca Fighting Imps batting - Pitching for Mercer Island Screaming Eagles : LHP Phil Day
Batting: RHB Everett Garland 0-0: SINGLE (Popup, 34D, EV 61.2 MPH)
Batting: RHB Pedro Costa 0-0: Swinging Strike
0-1: Called Strike
0-2: Ball
1-2: DOUBLE (Flyball, 78D, EV 91.9 MPH)
Everett Garland to third
Batting: SHB Paul Wood 0-0: Swinging Strike
0-1: Ball
1-1: Fly out, F9 (Flyball, 9LS, EV 80.6 MPH)
Batting: RHB J.J. Holmes 0-0: Ground out 6-3 (Groundball, 6, EV 84.4 MPH)
Everett Garland scores
Batting: RHB Daryl Pethick 0-0: Ball
1-0: Ground out 6-3 (Groundball, 6, EV 106.2 MPH)
Top of the 5th over - 1 run, 2 hits, 0 errors, 1 left on base; Ithaca 1 - Mercer Island 3
BOTTOM OF THE 5TH
Mercer Island Screaming Eagles batting - Pitching for Ithaca Fighting Imps : RHP Moriz Gaidamakin
Batting: RHB Matsuo Ino 0-0: Foul Ball, location: 2F
0-1: Ball
1-1: Ball
2-1: Foul Ball, location: 2F
2-2: Ground out 5-3 (Groundball, 5, EV 85.0 MPH)
Batting: RHB Miles Breeuwer 0-0: SINGLE (Groundball, 6, EV 85.0 MPH) (infield hit)
Batting: RHB Dima Tabakaev 0-0: Ball
1-0: Called Strike
1-1: Fly out, F7 (Flyball, 78D, EV 88.8 MPH)
Batting: RHB Thiago Yepes 0-0: Ball
1-0: Fly out, F9 (Line Drive, 9, EV 87.5 MPH)
Bottom of the 5th over - 0 runs, 1 hit, 0 errors, 1 left on base; Ithaca 1 - Mercer Island 3
TOP OF THE 6TH
Ithaca Fighting Imps batting - Pitching for Mercer Island Screaming Eagles : LHP Phil Day
Batting: RHB Pepe Savinon 0-0: Fly out, F7 (Flyball, 7LM, EV 81.2 MPH)
Batting: LHB Tokaji Mizuno 0-0: Called Strike
0-1: Foul Ball, location: 2F
0-2: Ball
1-2: Ball
2-2: Fly out, F7 (Flyball, 78S, EV 78.1 MPH)
Batting: RHB Aloysius Szymanski 0-0: Called Strike
0-1: Foul Ball, location: 2F
0-2: Foul Ball, location: 2F
0-2: Ball
1-2: Foul Ball, location: 2F
1-2: Strikes out looking
Top of the 6th over - 0 runs, 0 hits, 0 errors, 0 left on base; Ithaca 1 - Mercer Island 3
BOTTOM OF THE 6TH
Mercer Island Screaming Eagles batting - Pitching for Ithaca Fighting Imps : RHP Moriz Gaidamakin
Batting: RHB Carlos Rivera 0-0: Foul Ball, location: 2F
0-1: Foul Ball, location: 2F
0-2: Fly out, F7 (Flyball, 78S, EV 79.4 MPH)
Batting: LHB Brian Drake 0-0: Ball
1-0: Ball
2-0: SOLO HOME RUN (Flyball, 9D, EV 101.2 MPH), Distance : 365 ft
Batting: LHB Steve Lodge 0-0: Ball
1-0: Foul Ball, location: 2F
1-1: Ball
2-1: Ball
3-1: Base on Balls
Pitching: RHP Alberto Cruz
Batting: RHB Marcos Villanueva 0-0: Ball
Wild Pitch!
Steve Lodge to second
1-0: Called Strike
1-1: Ground out 1-3 (Groundball, 34S, EV 80.0 MPH)
Steve Lodge to third
Batting: RHB Asbel Kiprop 0-0: Ball
1-0: Foul Ball, location: 2F
1-1: Swinging Strike
1-2: Ground out 6-3 (Groundball, 6, EV 82.5 MPH)
Bottom of the 6th over - 1 run, 1 hit, 0 errors, 1 left on base; Ithaca 1 - Mercer Island 4
TOP OF THE 7TH
Ithaca Fighting Imps batting - Pitching for Mercer Island Screaming Eagles : LHP Phil Day
Batting: RHB Carlos Valle 0-0: Called Strike
0-1: Fly out, F8 (Flyball, 8LM, EV 96.2 MPH)
Batting: RHB Everett Garland 0-0: Foul Ball, location: 2F
0-1: Foul Ball, location: 2F
0-2: Strikes out swinging
Batting: RHB Pedro Costa 0-0: Called Strike
0-1: Foul Ball, location: 2F
0-2: Strikes out looking and he ARGUES THE CALL AND IS TOSSED!
Top of the 7th over - 0 runs, 0 hits, 0 errors, 0 left on base; Ithaca 1 - Mercer Island 4
BOTTOM OF THE 7TH
Mercer Island Screaming Eagles batting - Pitching for Ithaca Fighting Imps : RHP Alberto Cruz
Now at C: Claude Long
Batting: RHB Matsuo Ino 0-0: SOLO HOME RUN (Flyball, 78XD, EV 95.6 MPH), Distance : 409 ft
Batting: RHB Miles Breeuwer 0-0: Called Strike
0-1: Foul Ball, location: 2F
0-2: Ball
1-2: Ground out 5-3 (Groundball, 5, EV 83.8 MPH)
Batting: RHB Dima Tabakaev 0-0: SOLO HOME RUN (Line Drive, 9D, EV 98.8 MPH), Distance : 392 ft
Batting: RHB Thiago Yepes 0-0: Called Strike
0-1: Ball
1-1: Ground out 4-3 (Groundball, 4M, EV 105.6 MPH)
Batting: RHB Carlos Rivera 0-0: Ground out 5-3 (Groundball, 5, EV 101.9 MPH)
Bottom of the 7th over - 2 runs, 2 hits, 0 errors, 0 left on base; Ithaca 1 - Mercer Island 6
TOP OF THE 8TH
Ithaca Fighting Imps batting - Pitching for Mercer Island Screaming Eagles : LHP Phil Day
Batting: SHB Paul Wood 0-0: Foul Ball, location: 2F
0-1: Ball
1-1: Ball
2-1: SINGLE (Groundball, 56D, EV 99.4 MPH)
Batting: RHB J.J. Holmes 0-0: Fly out, F7 (Flyball, 78M, EV 88.8 MPH)
Batting: RHB Daryl Pethick 0-0: SINGLE (Line Drive, 8LS, EV 98.1 MPH)
Paul Wood to second
Batting: RHB Pepe Savinon 0-0: Fly out, F4 (Line Drive, 4, EV 65.6 MPH)
Batting: LHB Tokaji Mizuno 0-0: SINGLE (Flyball, 89M, EV 88.1 MPH)
Paul Wood to third
Daryl Pethick to second
Batting: RHB Aloysius Szymanski 0-0: Foul Ball, location: 2F
0-1: Ball
1-1: Ball
2-1: Swinging Strike
2-2: Ball
3-2: Foul Ball, location: 2F
3-2: Strikes out swinging
Top of the 8th over - 0 runs, 3 hits, 0 errors, 3 left on base; Ithaca 1 - Mercer Island 6
BOTTOM OF THE 8TH
Mercer Island Screaming Eagles batting - Pitching for Ithaca Fighting Imps : RHP Alberto Cruz
Batting: LHB Brian Drake 0-0: Called Strike
0-1: Foul Ball, location: 2F
0-2: Fly out, F9 (Flyball, 9LS, EV 88.1 MPH)
Batting: LHB Steve Lodge 0-0: Called Strike
0-1: Fly out, F9 (Flyball, 9, EV 91.2 MPH)
Batting: RHB Marcos Villanueva 0-0: Fly out, F9 (Flyball, 9LM, EV 92.5 MPH)
Bottom of the 8th over - 0 runs, 0 hits, 0 errors, 0 left on base; Ithaca 1 - Mercer Island 6
TOP OF THE 9TH
Ithaca Fighting Imps batting - Pitching for Mercer Island Screaming Eagles : LHP Phil Day
Batting: RHB Carlos Valle 0-0: Ball
1-0: Foul Ball, location: 2F
1-1: Ball
2-1: Foul Ball, location: 2F
2-2: Strikes out swinging
Batting: RHB Everett Garland 0-0: Fly out, F3 (Popup, 23F, EV 82.5 MPH)
Batting: SHB Claude Long 0-0: Called Strike
0-1: Ball
1-1: Ball
2-1: Foul Ball, location: 2F
2-2: Fly out, F4 (Line Drive, 4, EV 71.2 MPH)
Top of the 9th over - 0 runs, 0 hits, 0 errors, 0 left on base; Ithaca 1 - Mercer Island 6
Friday, March 26th, 2021 - OOTP Baseball 20.8 Build 74